[Event "Titled Tuesday Blitz April 05 Late 2022"]
[White "Fedoseev, Vladimir"]
[Black "Kazakouski, Valery"]
[WhiteFideId "24130737"]
[BlackFideId "13507443"]
[WhiteElo "2726"]
[BlackElo "2524"]
[Result "1-0"]
[Round "04"]
[TimeControl "180+1"]
[Date "2022.04.05"]
[WhiteClock "0:00:08"]
[BlackClock "0:00:01"]

1. Nf3 Nf6 2. g3 e6 3. Bg2 d5 4. O-O Be7 5. c4 dxc4 6. Qa4+ c6 7. Qxc4 b5 8. Qc2 Bb7 9. Nc3 O-O 10. Rd1 Nbd7 11. b3 a6 12. a4 Qb6 13. d3 c5 14. e4 Rfd8 15. h3 Nb8 16. Be3 Nc6 17. Qb2 h6 18. Ne2 Rd7 19. axb5 axb5 20. Rxa8+ Bxa8 21. b4 Nxe4 22. Ra1 Qd8 23. dxe4 Rd1+ 24. Kh2 Rxa1 25. Qxa1 Nxb4 26. Nc3 Nc2 27. Qc1 Nxe3 28. Qxe3 b4 29. Na4 c4 30. Nb6 c3 31. Nxa8 Qxa8 32. Qd3 Qa2 33. Nd4 Qxf2 34. h4 Bc5 35. Ne2 Be3 36. e5 g6 37. Qc4 Kg7 38. Kh3 Bd2 39. Nd4 Be1 40. Ne2 b3 41. Be4 b2 42. h5 g5 43. Kg4 Qf1 44. Bd3 Qf2 45. Qe4 Kf8 46. Qc4 Qe3 47. Qe4 Qd2 48. Kf3 Kg7 49. Qh7+ Kf8 50. Qxh6+ Ke7 51. Qh7 Kf8 52. Qe4 b1=Q 53. Bxb1 g4+ 54. Kxg4 Qd1 55. Bc2 Qd2 56. Kf3 Qg5 57. g4 Bd2 58. Kg2 Qh4 59. Qf3 Ke7 60. Ng3 Kf8 61. Bg6 1-0


[Site "https://www.chess.com"]

[Event "Titled Tuesday Blitz April 05 Late 2022"]
[White "Girsh, Daniel"]
[Black "Migot, Tangi"]
[WhiteFideId "30949190"]
[BlackFideId "662445"]
[WhiteElo "2305"]
[BlackElo "2518"]
[Result "0-1"]
[Round "04"]
[TimeControl "180+1"]
[Date "2022.04.06"]
[WhiteClock "0:00:02"]
[BlackClock "0:01:36"]

1. e4 c5 2. Nf3 d6 3. Bb5+ Bd7 4. Bxd7+ Nxd7 5. c4 g6 6. Nc3 Bg7 7. d4 cxd4 8. Nxd4 Ngf6 9. O-O O-O 10. b3 a6 11. Bb2 Qc7 12. Rc1 e6 13. Kh1 Rfd8 14. f4 Rac8 15. f5 exf5 16. exf5 d5 17. fxg6 hxg6 18. cxd5 Qd6 19. Qf3 Ne5 20. Qf4 Nd3 21. Qxd6 Rxd6 22. Ba3 Nxc1 23. Bxd6 Rxc3 24. Bb4 Rc8 25. a4 Nd3 26. Bd2 Nxd5 27. Nf3 Rc2 28. h3 Ne5 29. Nxe5 Bxe5 30. Bh6 Bg7 31. Bg5 Rb2 32. Rd1 Nc3 33. Rd8+ Kh7 34. Rd7 Rxb3 35. Rxf7 Ne4 36. Bf4 Kg8 37. Re7 Rb4 38. Re8+ Kf7 39. Rc8 Nf2+ 40. Kg1 Rxf4 41. Rc7+ Kg8 42. Rxb7 Bd4 43. Rb8+ Rf8 44. Rb7 Ng4+ 45. Kh1 Rf1# 0-1


[Site "https://www.chess.com"]

[Event "Titled Tuesday Blitz April 05 Late 2022"]
[White "Gledura, Benjamin"]
[Black "He, Anthony"]
[WhiteFideId "712779"]
[BlackFideId "2088215"]
[WhiteElo "2326"]
[BlackElo "2415"]
[Result "1-0"]
[Round "04"]
[TimeControl "180+1"]
[Date "2022.04.05"]
[WhiteClock "0:00:27"]
[BlackClock "0:00:13"]

1. e4 c5 2. Nf3 Nc6 3. Bb5 g6 4. O-O Bg7 5. c3 Nf6 6. Re1 O-O 7. d4 d5 8. e5 Ne4 9. Bxc6 bxc6 10. Be3 cxd4 11. cxd4 Qb6 12. b3 a5 13. Nfd2 f5 14. Nxe4 fxe4 15. Nc3 Qd8 16. Rc1 Bf5 17. Na4 Rc8 18. Qd2 Rf7 19. Rc5 e6 20. Qxa5 Qf8 21. Rec1 Qe8 22. Qd2 Bf8 23. R5c2 Ba3 24. Rb1 Be7 25. Nc5 Qd8 26. a4 Ra8 27. Ra1 Qb6 28. b4 Bxc5 29. Rxc5 Rfa7 30. a5 Qb7 31. h3 h5 32. Rac1 Ra6 33. Bg5 Qd7 34. Bf6 Rb8 35. Qh6 Qh7 36. Qxh7+ Kxh7 37. Rxc6 Rxc6 38. Rxc6 Rxb4 39. Rc7+ Kg8 40. a6 e3 41. fxe3 Rb1+ 42. Kf2 Rb2+ 43. Kg3 Be4 44. a7 Rxg2+ 45. Kh4 g5+ 46. Bxg5 Ra2 47. Rc8+ Kg7 48. a8=Q 1-0


[Site "https://www.chess.com"]

[Event "Titled Tuesday Blitz April 05 Late 2022"]
[White "Goryachkina, Aleksandra"]
[Black "Martin Duque, Jesus"]
[WhiteFideId "4147103"]
[BlackFideId "2208954"]
[WhiteElo "2651"]
[BlackElo "2442"]
[Result "1/2-1/2"]
[Round "04"]
[TimeControl "180+1"]
[Date "2022.04.06"]
[WhiteClock "0:00:03"]
[BlackClock "0:00:55"]

1. e4 c5 2. Nf3 b6 3. d4 cxd4 4. Nxd4 Bb7 5. Nc3 a6 6. Bd3 e6 7. O-O Bc5 8. Be3 Qc7 9. Qe2 Nf6 10. Nb3 Bxe3 11. Qxe3 d6 12. a4 Nbd7 13. f4 O-O 14. Rad1 Rfe8 15. Kh1 Rad8 16. Qh3 e5 17. f5 Nc5 18. Nxc5 Qxc5 19. Qf3 d5 20. exd5 Qb4 21. Ne4 Nxe4 22. Bxe4 Qxb2 23. f6 g6 24. Qe3 Qb4 25. Rb1 Qf8 26. c4 b5 27. axb5 axb5 28. Rxb5 Ba6 29. Rc5 Rc8 30. Rxc8 Rxc8 31. Rd1 Qd6 32. Qf2 Rxc4 33. Qh4 h5 34. Re1 Bb7 35. Qg5 Rxe4 36. Rxe4 Qxd5 37. Re1 Kh7 38. Rg1 Qe4 39. h3 Qf5 40. Qxf5 gxf5 41. Rb1 Bc8 42. Rb5 e4 43. Kg1 Kg6 44. Kf2 Kxf6 45. Ke3 h4 46. Kf4 Be6 47. Ra5 Kg6 48. Rb5 Kf6 49. Rc5 Kg6 50. Rc3 Kf6 51. Ra3 Kg6 52. Rc3 Kf6 53. Re3 Kg6 54. Rc3 1/2-1/2


[Site "https://www.chess.com"]

[Event "Titled Tuesday Blitz April 05 Late 2022"]
[White "Gu, Xiaobing"]
[Black "Dobre, Claudiu-Cristian"]
[WhiteFideId "8602611"]
[BlackFideId "1211854"]
[WhiteElo "2289"]
[BlackElo "2508"]
[Result "0-1"]
[Round "04"]
[TimeControl "180+1"]
[Date "2022.04.06"]
[WhiteClock "0:00:30"]
[BlackClock "0:00:38"]

1. e4 Nc6 2. d4 d5 3. e5 Bf5 4. g4 Be4 5. f3 Bg6 6. h4 h5 7. Nc3 e6 8. Bg5 Be7 9. Qd2 hxg4 10. Bxe7 Qxe7 11. O-O-O O-O-O 12. Qf2 Nh6 13. Bb5 Na5 14. h5 Nf5 15. fxg4 Qg5+ 16. Qd2 Qxg4 17. Nge2 Rxh5 18. Rhg1 Qh4 19. Nf4 Rg5 20. Rh1 Qg3 21. Ncxd5 exd5 22. Nxg6 Rxg6 23. Qxa5 a6 24. Bxa6 Rxa6 0-1


[Site "https://www.chess.com"]

[Event "Titled Tuesday Blitz April 05 Late 2022"]
[White "Gulecyuz, Deniz"]
[Black "Chyngyz, Sultai"]
[WhiteFideId "30921341"]
[BlackFideId "13803158"]
[WhiteElo "1923"]
[BlackElo "1365"]
[Result "0-1"]
[Round "04"]
[TimeControl "180+1"]
[Date "2022.04.06"]
[WhiteClock "0:00:11"]
[BlackClock "0:01:11"]

1. e4 c5 2. Nf3 d6 3. d4 cxd4 4. Nxd4 Nf6 5. Nc3 a6 6. Bg5 e6 7. f4 Be7 8. Qf3 O-O 9. O-O-O Qc7 10. g4 b5 11. a3 Bb7 12. h4 Nc6 13. Nxc6 Qxc6 14. Bxf6 Bxf6 15. Bg2 Rac8 16. Rd3 b4 17. axb4 Qc4 18. g5 Bxc3 19. Rxc3 Qxb4 20. Rb3 Qa4 21. h5 Bxe4 22. Qxe4 Qxb3 23. Bf1 d5 24. Qg2 Qa2 25. Bd3 Qa1+ 26. Kd2 Qxb2 27. Bxh7+ Kxh7 28. g6+ Kh8 29. h6 Qxc2+ 0-1


[Site "https://www.chess.com"]

[Event "Titled Tuesday Blitz April 05 Late 2022"]
[White "Hakobyan, Aram"]
[Black "Harshavardhan G B"]
[WhiteFideId "13306677"]
[BlackFideId "25059009"]
[WhiteElo "2557"]
[BlackElo "1831"]
[Result "1-0"]
[Round "04"]
[TimeControl "180+1"]
[Date "2022.04.05"]
[WhiteClock "0:01:24"]
[BlackClock "0:00:02"]

1. d4 Nf6 2. c4 g6 3. Nc3 Bg7 4. e4 d6 5. Be2 O-O 6. Be3 e5 7. d5 a5 8. g4 Na6 9. h4 Nc5 10. f3 h5 11. g5 Nfd7 12. Nh3 f6 13. gxf6 Bxf6 14. Ng5 Qe7 15. Qd2 c6 16. O-O-O Ra6 17. dxc6 Rxc6 18. Nd5 Qg7 19. Kb1 Bd8 20. Rhg1 Nf6 21. Rc1 Nh7 22. Nxh7 Qxh7 23. Bh6 Bxh4 24. Rh1 Bd8 25. Rcg1 Ne6 26. Rxh5 Nd4 27. Rhh1 Nxf3 28. Bxf3 Rxf3 29. Bg5 Rh3 30. Rxh3 Qxh3 31. Bxd8 Rxc4 32. Qg5 Qe6 33. Nf6+ 1-0


[Site "https://www.chess.com"]

[Event "Titled Tuesday Blitz April 05 Late 2022"]
[White "Hambleton, Aman"]
[Black "Suder, Jakub"]
[WhiteFideId "2606577"]
[BlackFideId "1195310"]
[WhiteElo "2552"]
[BlackElo "2058"]
[Result "1-0"]
[Round "04"]
[TimeControl "180+1"]
[Date "2022.04.05"]
[WhiteClock "0:02:35"]
[BlackClock "0:02:35"]

1. d4 d5 2. Bf4 Nf6 3. e3 c5 4. c3 Nc6 5. Nd2 Bg4 6. Qb3 Qb6 7. h3 Be6 8. dxc5 Qxc5 9. Qxb7 Rc8 10. Nb3 Qb6 11. Qxb6 axb6 12. Ba6 Rd8 13. Bc7 Rd7 14. Bxb6 1-0


[Site "https://www.chess.com"]

[Event "Titled Tuesday Blitz April 05 Late 2022"]
[White "Hardaway, Brewington"]
[Black "Hoffmann, Asa"]
[WhiteFideId "30941849"]
[BlackFideId "2001470"]
[WhiteElo "2665"]
[BlackElo "2378"]
[Result "1-0"]
[Round "04"]
[TimeControl "180+1"]
[Date "2022.04.06"]
[WhiteClock "0:00:49"]
[BlackClock "0:00:34"]

1. e4 d6 2. Nf3 Bg4 3. Bc4 e6 4. h3 Bh5 5. d4 Nf6 6. Nc3 c6 7. Be3 d5 8. exd5 cxd5 9. Bb5+ Nc6 10. g4 Bg6 11. Ne5 Rc8 12. h4 Bb4 13. h5 Be4 14. f3 Qa5 15. Bxc6+ bxc6 16. fxe4 Bxc3+ 17. bxc3 Qxc3+ 18. Ke2 Nxe4 19. Rg1 O-O 20. Qd3 Qa5 21. g5 Nc3+ 22. Kf3 f6 23. Nd7 e5 24. Kg2 Rf7 25. Qf5 Rd8 26. Nxf6+ gxf6 27. gxf6 Kh8 28. dxe5 Qb5 29. e6 Qe2+ 30. Bf2 Rg8+ 31. Kh1 Rff8 32. f7 Rxg1+ 33. Rxg1 Qe4+ 34. Qxe4 Nxe4 35. Bd4+ 1-0


[Site "https://www.chess.com"]

[Event "Titled Tuesday Blitz April 05 Late 2022"]
[White "Hess, Robert"]
[Black "Dubov, Daniil"]
[WhiteFideId "2022036"]
[BlackFideId "24126055"]
[WhiteElo "2557"]
[BlackElo "2791"]
[Result "0-1"]
[Round "04"]
[TimeControl "180+1"]
[Date "2022.04.05"]
[WhiteClock "0:00:02"]
[BlackClock "0:00:17"]

1. e4 c5 2. c3 d5 3. exd5 Qxd5 4. d4 cxd4 5. cxd4 Nc6 6. Nf3 e5 7. Nc3 Bb4 8. Bd2 Bxc3 9. Bxc3 e4 10. Ne5 Nxe5 11. dxe5 Ne7 12. Qxd5 Nxd5 13. Bb5+ Bd7 14. O-O-O Bxb5 15. Rxd5 Bc4 16. Rd4 Bxa2 17. Rxe4 O-O 18. Rd1 Be6 19. g4 Rfc8 20. h3 g5 21. h4 gxh4 22. f3 b5 23. Rh1 a5 24. Kd2 b4 25. Bd4 a4 26. Rxh4 a3 27. bxa3 Rxa3 28. Re3 Ra2+ 29. Kd3 b3 30. Rh1 b2 31. Rb1 Rc1 32. Rxb2 Rd1+ 33. Kc3 Rxb2 34. Kxb2 Rxd4 35. Kc3 Rf4 36. Kd3 Rb4 37. Ke2 Rb2+ 38. Ke1 Rb3 39. Kf2 Rxe3 40. Kxe3 Kg7 41. Kf4 Kg6 42. Kg3 h5 43. gxh5+ Kxh5 44. Kf4 Kg6 45. Ke4 Kg5 46. f4+ Kg4 47. Ke3 Bf5 0-1


[Site "https://www.chess.com"]

[Event "Titled Tuesday Blitz April 05 Late 2022"]
[White "Ilyasli, Ughur"]
[Black "Harish, Neeraj"]
[WhiteFideId "13416197"]
[BlackFideId "30958130"]
[WhiteElo "2045"]
[BlackElo "1574"]
[Result "1-0"]
[Round "04"]
[TimeControl "180+1"]
[Date "2022.04.06"]
[WhiteClock "0:00:16"]
[BlackClock "0:00:13"]

1. d4 d5 2. c4 c6 3. Nf3 Nf6 4. e3 e6 5. Bd3 Nbd7 6. Nbd2 Bd6 7. O-O O-O 8. e4 e5 9. cxd5 cxd5 10. exd5 exd4 11. Ne4 Nxe4 12. Bxe4 Nf6 13. Qxd4 Re8 14. Bd3 Bg4 15. Bg5 Bxf3 16. Bxf6 Qxf6 17. Qxf6 gxf6 18. gxf3 Be5 19. Rab1 Red8 20. Rfd1 Kg7 21. Be4 Rac8 22. b4 Rc4 23. b5 Rc5 24. b6 a6 25. d6 Rxd6 26. Rxd6 Bxd6 27. Bxb7 Rb5 28. Rxb5 axb5 29. Bc6 Kg6 30. Bxb5 Kf5 31. a4 Ke5 32. Bc4 Kd4 33. Bxf7 Kc5 34. b7 Kc6 35. Bg8 h6 36. h4 Kxb7 37. h5 Ka6 38. Bb3 Ka5 39. Kg2 Bf4 40. Kh3 Bg5 41. Kg4 Bd2 42. Kf5 Bc3 43. Bc2 Be5 44. f4 Bd4 45. Kg6 Bxf2 46. Kxh6 Be3 47. Kg6 Bxf4 48. h6 Bxh6 49. Kxh6 Kb4 50. Kg6 Ka5 51. Kxf6 Kb4 52. Ke5 Ka5 53. Kd6 Kb4 54. Kc6 Ka5 55. Kc5 Ka6 56. Kb4 Kb6 57. a5+ Ka6 58. Bd3+ Ka7 59. Kb5 Kb7 60. a6+ Ka7 61. Be4 Kb8 62. Kb6 1-0


[Site "https://www.chess.com"]

[Event "Titled Tuesday Blitz April 05 Late 2022"]
[White "Jaferian, Koosha"]
[Black "Kostiukov, Alexandr"]
[WhiteFideId "12507440"]
[BlackFideId "14108100"]
[WhiteElo "2556"]
[BlackElo "2337"]
[Result "1-0"]
[Round "04"]
[TimeControl "180+1"]
[Date "2022.04.06"]
[WhiteClock "0:01:24"]
[BlackClock "0:00:02"]

1. e4 c5 2. Nc3 g6 3. d4 cxd4 4. Qxd4 Nf6 5. Nf3 Nc6 6. Qa4 d6 7. e5 dxe5 8. Nxe5 Bg7 9. Bb5 O-O 10. Nxc6 bxc6 11. Bxc6 Bd7 12. O-O Qc8 13. Bxd7 Nxd7 14. Bd2 Nb6 15. Qe4 Nc4 16. Bf4 e5 17. Nd5 Kh8 18. Bc1 f5 19. Qe2 e4 20. c3 Qc5 21. Ne3 Ne5 22. Nc2 Nd3 23. Be3 Qe7 24. Bd4 Nxb2 25. Bxg7+ Qxg7 26. Nd4 Nd3 27. Ne6 Qxc3 28. Nxf8 Rxf8 29. Qe3 Qg7 30. f3 Qe5 31. fxe4 fxe4 32. Rxf8+ Kg7 33. Rff1 Nc5 34. Rae1 1-0


[Site "https://www.chess.com"]

[Event "Titled Tuesday Blitz April 05 Late 2022"]
[White "Jaracz, Pawel"]
[Black "Hnydiuk, Aleksander"]
[WhiteFideId "1102222"]
[BlackFideId "1109057"]
[WhiteElo "2709"]
[BlackElo "2531"]
[Result "0-1"]
[Round "04"]
[TimeControl "180+1"]
[Date "2022.04.06"]
[WhiteClock "0:00:14"]
[BlackClock "0:00:41"]

1. d4 Nf6 2. c4 e6 3. Nc3 Bb4 4. Qc2 O-O 5. e3 b6 6. Bd3 Bb7 7. f3 c5 8. dxc5 bxc5 9. Ne2 d5 10. O-O Nbd7 11. a3 Ba5 12. cxd5 exd5 13. Rd1 Re8 14. Bf5 Qe7 15. Nf4 d4 16. exd4 cxd4 17. Nb5 Rac8 18. Qa4 Bb6 19. Nd3 Bc6 20. Qa6 Rcd8 21. Bg5 Nc5 22. Nxc5 Qxc5 23. Bxf6 Bxb5 24. Qb7 d3+ 25. Kh1 gxf6 0-1


[Site "https://www.chess.com"]

[Event "Titled Tuesday Blitz April 05 Late 2022"]
[White "Javakhadze, Zurab"]
[Black "Martin Barcelo, Carles"]
[WhiteFideId "13603647"]
[BlackFideId "24561444"]
[WhiteElo "2636"]
[BlackElo "2479"]
[Result "1-0"]
[Round "04"]
[TimeControl "180+1"]
[Date "2022.04.06"]
[WhiteClock "0:02:04"]
[BlackClock "0:02:12"]

1. d4 Nf6 2. c4 g6 3. Nc3 Bg7 4. e4 d6 5. Nf3 O-O 6. Be2 e5 7. Be3 exd4 8. Nxd4 Re8 9. f3 c6 10. Bf2 Na6 11. O-O Nc7 12. Qd2 d5 13. exd5 cxd5 14. c5 Ne6 15. b4 a6 16. Rad1 Nxd4 17. Bxd4 Be6 18. Bd3 Qd7 19. Bc2 h5 20. Ba4 Qc7 21. Bxe8 Rxe8 22. Rfe1 h4 23. Bxf6 Bxf6 24. Nxd5 1-0


[Site "https://www.chess.com"]

[Event "Titled Tuesday Blitz April 05 Late 2022"]
[White "Johnson, Ben"]
[Black "Soysal, Serkan"]
[WhiteFideId "2010917"]
[BlackFideId "6349250"]
[WhiteElo "2156"]
[BlackElo "2440"]
[Result "0-1"]
[Round "04"]
[TimeControl "180+1"]
[Date "2022.04.06"]
[WhiteClock "0:00:01"]
[BlackClock "0:00:06"]

1. Nf3 d5 2. e3 Nc6 3. d4 Bg4 4. Bb5 Qd6 5. h3 Bxf3 6. Qxf3 Nf6 7. O-O a6 8. Bxc6+ Qxc6 9. Nc3 b5 10. a3 e6 11. Re1 Rd8 12. Bd2 Bd6 13. Rad1 e5 14. dxe5 Bxe5 15. Qf5 Qe6 16. Qxe6+ fxe6 17. f4 Bd6 18. g3 O-O 19. e4 Bc5+ 20. Kg2 c6 21. exd5 exd5 22. Be3 Bxe3 23. Rxe3 d4 24. Red3 c5 25. Ne2 Rde8 26. Kf3 Nd5 27. b4 cxb4 28. Rxd4 Rxe2 29. Rxd5 Rxc2 30. axb4 Rfc8 31. Rd7 R2c3+ 32. Kg4 R3c7 33. R7d6 Ra7 34. Rb6 h6 35. Rdd6 Rca8 36. f5 Kh7 37. Kh5 a5 38. g4 axb4 39. g5 hxg5 40. Kxg5 Rf7 41. Rxb5 Ra3 42. Rd4 Rxh3 43. Rdxb4 Rg3+ 44. Rg4 Rf3 45. Rh4+ Kg8 46. Rhb4 Rg3+ 47. Rg4 Re3 48. Rc4 Rf8 49. Rc7 Rg3+ 50. Kf4 Rg1 51. Ke5 Rg4 52. Rbb7 Rg5 53. Ke6 Rf6+ 0-1


[Site "https://www.chess.com"]

[Event "Titled Tuesday Blitz April 05 Late 2022"]
[White "Kamsky, Gata"]
[Black "Nepomniachtchi, Ian"]
[WhiteFideId "2000024"]
[BlackFideId "4168119"]
[WhiteElo "2645"]
[BlackElo "2740"]
[Result "1/2-1/2"]
[Round "04"]
[TimeControl "180+1"]
[Date "2022.04.05"]
[WhiteClock "0:00:05"]
[BlackClock "0:00:44"]

1. d4 f5 2. g3 Nf6 3. Bg2 g6 4. c3 Bg7 5. h4 Nc6 6. Qb3 e5 7. dxe5 Nxe5 8. Nh3 d5 9. Nf4 c6 10. Nd2 O-O 11. Nf3 Nxf3+ 12. Bxf3 Ne4 13. Be3 Qe7 14. Bd4 a5 15. a4 Re8 16. Rd1 Bh6 17. c4 Bxf4 18. gxf4 Be6 19. Bxe4 dxe4 20. h5 g5 21. fxg5 Rad8 22. g6 Rd7 23. gxh7+ Kxh7 24. Bc3 Red8 25. Rxd7 Rxd7 26. Rg1 Qh4 27. Qb6 Qh2 28. Rf1 Bxc4 29. Qc5 Qd6 30. Qxd6 Rxd6 31. Rg1 Bb3 32. Rg7+ Kh6 33. Rg6+ Rxg6 34. hxg6 Kxg6 35. Bxa5 Bxa4 36. Bb6 f4 37. e3 f3 38. Kd2 Kf5 39. Kc3 Kg4 40. Kd4 Bc2 41. b4 Kf5 42. Bc7 Bb3 43. Kc5 Ba4 44. Kb6 Ke6 45. Kxb7 Kd5 46. Kb6 Bb5 47. Bg3 Kc4 48. Ka5 Kb3 49. Bh4 Kc2 50. Bg3 Kd3 51. Bh4 Kc4 52. Bg3 c5 53. bxc5 Kxc5 54. Bh4 Bd3 55. Bg3 Kc4 56. Kb6 Kb3 57. Kc5 Kc2 58. Kd4 Kd1 59. Bh4 Ke2 60. Bg3 Kf1 1/2-1/2


[Site "https://www.chess.com"]

[Event "Titled Tuesday Blitz April 05 Late 2022"]
[White "Karas, Marek"]
[Black "Keymer, Vincent"]
[WhiteFideId "14928558"]
[BlackFideId "12940690"]
[WhiteElo "2271"]
[BlackElo "2557"]
[Result "0-1"]
[Round "04"]
[TimeControl "180+1"]
[Date "2022.04.05"]
[WhiteClock "0:00:03"]
[BlackClock "0:00:17"]

1. d4 Nf6 2. Nf3 e6 3. Bf4 c5 4. e3 Nc6 5. c3 h6 6. Nbd2 Nh5 7. Bg3 Nxg3 8. hxg3 d5 9. Bd3 Bd7 10. Qe2 Qb6 11. Rb1 cxd4 12. exd4 Bd6 13. O-O O-O 14. Rfe1 Rae8 15. Bc2 g6 16. Qe3 Kg7 17. Nf1 Re7 18. Qd2 Bc8 19. Ne3 h5 20. Nf1 Qd8 21. Ne3 Ree8 22. g4 Rh8 23. g5 Be7 24. Nf1 h4 25. N1h2 Rh5 26. Qf4 Bxg5 27. Nxg5 Qxg5 28. Qxg5 Rxg5 29. f4 Rh5 30. Bd1 Rhh8 31. Ba4 f6 32. Re3 Kf7 33. Rbe1 Bd7 34. Bc2 Ne7 35. Kf2 Nf5 36. Bxf5 exf5 37. Rxe8 Bxe8 38. Re3 Rh5 39. b3 Bc6 40. c4 g5 41. fxg5 fxg5 42. Re5 dxc4 43. bxc4 Kf6 44. Rc5 Be4 45. Rc7 g4 46. Ke3 Bxg2 47. Kf4 g3 48. Nf3 Bxf3 49. Kxf3 h3 0-1


[Site "https://www.chess.com"]

[Event "Titled Tuesday Blitz April 05 Late 2022"]
[White "Khanin, Semen"]
[Black "Polok, Kacper"]
[WhiteFideId "4111990"]
[BlackFideId "1137158"]
[WhiteElo "2754"]
[BlackElo "2385"]
[Result "1-0"]
[Round "04"]
[TimeControl "180+1"]
[Date "2022.04.06"]
[WhiteClock "0:02:06"]
[BlackClock "0:01:43"]

1. e4 e6 2. d4 d5 3. e5 c5 4. c3 Nc6 5. Nf3 Bd7 6. Be2 f6 7. O-O fxe5 8. Nxe5 Nxe5 9. dxe5 Qc7 10. Re1 O-O-O 11. c4 d4 12. Bd3 Bc6 13. b4 cxb4 14. a3 h5 15. axb4 Bxb4 16. Rxa7 Kb8 17. Ra1 Bxe1 18. Qxe1 h4 19. h3 Ne7 20. Na3 Nf5 21. Bd2 b6 22. c5 bxc5 23. Ba5 Qa7 24. Nb5 Bxb5 25. Bxb5 Kc8 26. Bxd8 Qb7 27. Ba6 1-0


[Site "https://www.chess.com"]

[Event "Titled Tuesday Blitz April 05 Late 2022"]
[White "Kobalia, Mikhail"]
[Black "Melkumyan, Hrant"]
[WhiteFideId "4119150"]
[BlackFideId "13302485"]
[WhiteElo "2667"]
[BlackElo "2604"]
[Result "1-0"]
[Round "04"]
[TimeControl "180+1"]
[Date "2022.04.05"]
[WhiteClock "0:00:11"]
[BlackClock "0:00:02"]

1. e4 c6 2. d4 d5 3. exd5 cxd5 4. Bd3 Nf6 5. c3 Nc6 6. Bf4 g6 7. Nd2 Bf5 8. Bxf5 gxf5 9. Ngf3 e6 10. O-O Bd6 11. Bxd6 Qxd6 12. Nb3 b6 13. Nc1 O-O 14. Nd3 Nd7 15. Qd2 Kh8 16. Rae1 Rg8 17. Re3 Rg4 18. Kh1 Rag8 19. g3 R4g7 20. b4 Nf6 21. Nfe5 Ne4 22. Qe1 Ne7 23. f3 Nf6 24. a4 Qc7 25. Nf4 Nc8 26. Qe2 Nd6 27. Ra1 a5 28. bxa5 bxa5 29. Qa6 Rb8 30. Ra2 Nfe8 31. Kg2 Rb6 32. Qe2 Qb7 33. Qf1 Nf6 34. Ree2 Rg8 35. Qc1 Rb8 36. Qe3 Rb1 37. Nh3 Ng8 38. Qf4 Qe7 39. Nc6 Qc7 40. Nxb8 Rxb8 41. Qe5+ f6 42. Qxe6 Rb1 43. Rab2 Rc1 44. Nf4 Nc4 45. Rb5 Ra1 46. Rc5 Qb7 47. Rc8 Qg7 48. Nh5 Qg6 49. Nxf6 1-0


[Site "https://www.chess.com"]

[Event "Titled Tuesday Blitz April 05 Late 2022"]
[White "Koellner, Ruben Gideon"]
[Black "Tristan, Leonardo"]
[WhiteFideId "12993093"]
[BlackFideId "113816"]
[WhiteElo "2561"]
[BlackElo "2404"]
[Result "0-1"]
[Round "04"]
[TimeControl "180+1"]
[Date "2022.04.05"]
[WhiteClock "0:00:46"]
[BlackClock "0:00:56"]

1. d4 d5 2. Bf4 Nf6 3. e3 e6 4. Nd2 Bd6 5. Bg3 O-O 6. Bd3 c5 7. c3 Qc7 8. Bxd6 Qxd6 9. f4 cxd4 10. cxd4 Nc6 11. a3 Bd7 12. Ngf3 Ng4 13. Qe2 f6 14. h3 Nh6 15. g4 e5 16. g5 Nf5 17. Bxf5 Bxf5 18. gxf6 exd4 19. exd4 Nxd4 20. Nxd4 Rfe8 21. Nxf5 Rxe2+ 22. Kxe2 Qe6+ 23. Ne3 d4 24. Nf1 dxe3 25. fxg7 Qc4+ 26. Kxe3 Re8+ 27. Kf2 Re2+ 28. Kg3 Qd3+ 29. Kh4 Rg2 30. Rh2 Qd8+ 31. Kh5 Qe8+ 32. Kh4 Qe7+ 33. Kh5 Qf7+ 34. Kh4 Qf6+ 35. Kh5 Qg6+ 36. Kh4 Qh6# 0-1


[Site "https://www.chess.com"]

[Event "Titled Tuesday Blitz April 05 Late 2022"]
[White "Kollars, Dmitrij"]
[Black "Arabidze, Meri"]
[WhiteFideId "12909572"]
[BlackFideId "13604040"]
[WhiteElo "2584"]
[BlackElo "2335"]
[Result "1-0"]
[Round "04"]
[TimeControl "180+1"]
[Date "2022.04.05"]
[WhiteClock "0:01:23"]
[BlackClock "0:00:11"]

1. Nf3 d5 2. e3 Nf6 3. c4 e6 4. b3 c5 5. cxd5 exd5 6. Bb5+ Nc6 7. Bb2 Bd6 8. d4 O-O 9. dxc5 Bxc5 10. O-O Bg4 11. Nbd2 Rc8 12. Rc1 Bd6 13. h3 Bh5 14. Be2 Ne4 15. Nxe4 dxe4 16. Nd4 Bxe2 17. Qxe2 Nxd4 18. Bxd4 f5 19. Bxa7 Be5 20. Qb5 Rxc1 21. Rxc1 Qf6 22. Qxb7 h6 23. Rc6 Qg5 24. Rc8 Rxc8 25. Qxc8+ Kh7 26. Bb8 f4 27. Bxe5 Qxe5 28. exf4 Qxf4 29. g3 Qf3 30. Qg4 Qd3 31. Qf5+ Kh8 32. Kg2 Qe2 33. a4 e3 34. Qf8+ Kh7 35. Qf5+ Kh8 36. Qf3 1-0


[Site "https://www.chess.com"]

[Event "Titled Tuesday Blitz April 05 Late 2022"]
[White "Kosakowski, Jakub"]
[Black "Dreev, Aleksey"]
[WhiteFideId "1185080"]
[BlackFideId "4100107"]
[WhiteElo "2454"]
[BlackElo "2625"]
[Result "1-0"]
[Round "04"]
[TimeControl "180+1"]
[Date "2022.04.05"]
[WhiteClock "0:00:12"]
[BlackClock "0:00:01"]

1. c4 e6 2. Nc3 d5 3. d4 Nf6 4. Nf3 Nbd7 5. Bf4 dxc4 6. e3 Bd6 7. Bxc4 Bxf4 8. exf4 Nb6 9. Bb3 Nbd5 10. Qd2 O-O 11. O-O b6 12. Nxd5 Nxd5 13. Rac1 Bb7 14. Ne5 Qd6 15. Rfe1 Rad8 16. a3 Rfe8 17. Ba2 a6 18. Bb1 Nf6 19. Qc2 Qd5 20. Nf3 Qh5 21. Ne5 Nd5 22. Qe4 Rb8 23. Nc6 Bxc6 24. Rxc6 g6 25. g3 Rbd8 26. Rec1 Rd7 27. Ba2 Red8 28. Qe5 Qf3 29. Bxd5 Rxd5 30. Qe3 Qh5 31. Rxc7 Rxd4 32. Rc8 Rd1+ 33. Kg2 Qd5+ 34. Kh3 Qh5+ 35. Kg2 Qd5+ 36. Kh3 Rxc1 37. Qxc1 Qh5+ 38. Kg2 Qd5+ 39. Kh3 h5 40. Rxd8+ Qxd8 41. Qc3 a5 42. Qc6 Qd4 43. Qc2 Qd5 44. Qe2 b5 45. f3 a4 46. Kg2 Qb3 47. Qd2 Qd5 48. Qc3 Qd1 49. Qc8+ Kh7 50. Qc3 Qe2+ 51. Kg1 Qd1+ 52. Kf2 Qd5 53. Qf6 Qd7 54. g4 hxg4 55. fxg4 Kg8 56. Kg3 Qd3+ 57. Kh4 Qe2 58. h3 Qd2 59. Kg5 Qe3 60. h4 1-0


[Site "https://www.chess.com"]

[Event "Titled Tuesday Blitz April 05 Late 2022"]
[White "Koziorowicz, Michal"]
[Black "Al-Tarboush, Ward"]
[WhiteFideId "21809194"]
[BlackFideId "7601450"]
[WhiteElo "2675"]
[BlackElo "2503"]
[Result "1-0"]
[Round "04"]
[TimeControl "180+1"]
[Date "2022.04.06"]
[WhiteClock "0:01:32"]
[BlackClock "0:02:25"]

1. e4 e6 2. d4 d5 3. Nd2 c5 4. exd5 Qxd5 5. Ngf3 cxd4 6. Bc4 Qd6 7. O-O Nf6 8. Nb3 Nc6 9. Nbxd4 Nxd4 10. Nxd4 Be7 11. Re1 O-O 12. c3 a6 13. Bg5 b5 14. Be2 Bb7 15. Bf3 Bxf3 16. Qxf3 Rad8 17. Rad1 Qd5 18. Qxd5 Rxd5 19. Bxf6 Bxf6 20. Nc6 Rc5 21. Nb4 a5 22. Nd3 Rd5 23. Nf4 Rxd1 24. Rxd1 Rd8 25. Rxd8+ Bxd8 26. Ne2 Bb6 27. Kf1 a4 28. f3 Kf8 29. Nc1 Ke7 30. Ke2 Kd6 31. Kd3 Kd5 32. b3 axb3 33. axb3 Bc7 34. h3 f5 35. c4+ bxc4+ 36. bxc4+ Ke5 37. Ne2 Bb6 38. Kc3 Kd6 39. Kb4 e5 40. Kb5 Be3 41. g4 e4 42. Ng3 Ke5 43. Nxf5 Ba7 44. fxe4 Kxe4 45. Nxg7 Kf3 46. c5 Kg3 47. c6 Bb8 48. g5 Kxh3 49. Ne6 Kg4 50. Kb6 Kf5 51. Nc7 Kxg5 52. Kb7 h5 53. Kxb8 h4 54. Ne6+ 1-0


[Site "https://www.chess.com"]